| TOP OF THE 1ST |
|
Cincinnati (NYP) Reds batting - Pitching for Milwaukee (NYP) Brewers : RHP Jayden Whittick
|
|
Pitching: RHP Jayden Whittick
|
|
|
Batting: RHB Alex de Leon
|
0-0: Ball 1-0: Swinging Strike 1-1: SINGLE (Groundball, 6MD, EV 100.6 MPH)
|
|
Batting: SHB Cesar Pelayo
|
0-0: Called Strike Alex de Leon steals 2nd base (no throw) 0-1: Swinging Strike 0-2: Ground out 6-3 (Groundball, 6, EV 79.4 MPH) Alex de Leon to third
|
|
Batting: SHB David Garnica
|
0-0: Ball 1-0: Ground out 5-3 (Groundball, 5, EV 78.1 MPH)
|
|
Batting: LHB Martin Koka
|
0-0: Foul Ball, location: 2F 0-1: Hit by Pitch
|
|
Batting: LHB Josh Slusarczyk
|
0-0: Called Strike 0-1: Swinging Strike 0-2: Ground out 4-3 (Groundball, 34, EV 79.4 MPH)
|
| Top of the 1st over - 0 runs, 1 hit, 0 errors, 2 left on base; Cincinnati (NYP) 0 - Milwaukee (NYP) 0 |
| BOTTOM OF THE 1ST |
|
Milwaukee (NYP) Brewers batting - Pitching for Cincinnati (NYP) Reds : RHP Mike Stabb
|
|
Pitching: RHP Mike Stabb
|
|
|
Batting: RHB Jeremy Harden
|
0-0: Ball 1-0: Ball 2-0: Called Strike 2-1: Ball 3-1: Foul Ball, location: 2F 3-2: Foul Ball, location: 2F 3-2: Foul Ball, location: 2F 3-2: Base on Balls
|
|
Batting: RHB Xiao-shuang Au
|
0-0: 2-RUN HOME RUN (Flyball, 7D, EV 96.9 MPH), Distance : 385 ft
|
|
Batting: LHB Fumito Sakurai
|
0-0: Ball 1-0: Foul Ball, location: 2F 1-1: Ground out 5-3 (Groundball, 5, EV 85.6 MPH)
|
|
Batting: LHB Greg Reedy
|
0-0: Called Strike 0-1: Ball 1-1: Foul Ball, location: 2F 1-2: Strikes out looking
|
|
Batting: RHB Tony Beaumond
|
0-0: Ball 1-0: Ball 2-0: Fly out, F8 (Flyball, 8LD, EV 99.4 MPH)
|
| Bottom of the 1st over - 2 runs, 1 hit, 0 errors, 0 left on base; Cincinnati (NYP) 0 - Milwaukee (NYP) 2 |
| TOP OF THE 2ND |
|
Cincinnati (NYP) Reds batting - Pitching for Milwaukee (NYP) Brewers : RHP Jayden Whittick
|
|
Batting: RHB Gabe Gutierrez
|
0-0: Swinging Strike 0-1: Ball 1-1: Ball 2-1: SINGLE (Groundball, 6MD, EV 101.9 MPH)
|
|
Batting: LHB Brandon Sarni
|
0-0: Called Strike Gabe Gutierrez steals 2nd base 0-1: Ball 1-1: Swinging Strike 1-2: Ball 2-2: SINGLE (Groundball, 34S, EV 66.9 MPH) (infield hit) Gabe Gutierrez to third
|
|
Batting: RHB Yutaka Sato
|
0-0: Ball Brandon Sarni steals 2nd base 1-0: Swinging Strike 1-1: Fly out, F9 (Flyball, 89M, EV 95.6 MPH)
|
|
Batting: LHB Mike Becerra
|
0-0: Ball 1-0: Foul Ball, location: 2F 1-1: Ball 2-1: Foul Ball, location: 2F 2-2: Strikes out looking
|
|
Batting: RHB Alex de Leon
|
0-0: Ball 1-0: Foul Ball, location: 2F 1-1: Ball 2-1: Foul Ball, location: 2F 2-2: Foul Ball, location: 2F 2-2: Ball 3-2: Fly out, F9 (Flyball, 9S, EV 89.4 MPH)
|
| Top of the 2nd over - 0 runs, 2 hits, 0 errors, 2 left on base; Cincinnati (NYP) 0 - Milwaukee (NYP) 2 |
| BOTTOM OF THE 2ND |
|
Milwaukee (NYP) Brewers batting - Pitching for Cincinnati (NYP) Reds : RHP Mike Stabb
|
|
Batting: RHB Dan Allred
|
0-0: DOUBLE (Line Drive, 9LD, EV 103.1 MPH)
|
|
Batting: RHB Lorenzo Diaz
|
0-0: Swinging Strike 0-1: Ball 1-1: Foul Ball, location: 2F 1-2: Foul Ball, location: 2F 1-2: Strikes out swinging
|
|
Batting: RHB Juan Villanueva
|
0-0: Ball 1-0: Called Strike 1-1: Ball 2-1: Ball 3-1: Base on Balls
|
|
Batting: RHB Mohammed bin Ubaida
|
0-0: Ball 1-0: Ball 2-0: Ball 3-0: Called Strike 3-1: Fly out, F9 (Flyball, 9S, EV 91.2 MPH)
|
|
Batting: RHB Jeremy Harden
|
0-0: Ball 1-0: Ball 2-0: Called Strike 2-1: Fly out, F7 (Flyball, 78M, EV 84.4 MPH)
|
| Bottom of the 2nd over - 0 runs, 1 hit, 0 errors, 2 left on base; Cincinnati (NYP) 0 - Milwaukee (NYP) 2 |
| TOP OF THE 3RD |
|
Cincinnati (NYP) Reds batting - Pitching for Milwaukee (NYP) Brewers : RHP Jayden Whittick
|
|
Batting: SHB Cesar Pelayo
|
0-0: Foul Ball, location: 2F 0-1: Called Strike 0-2: Ball 1-2: Strikes out swinging
|
|
Batting: SHB David Garnica
|
0-0: Swinging Strike 0-1: Called Strike 0-2: Ground out 4-3 (Groundball, 4, EV 81.9 MPH)
|
|
Batting: LHB Martin Koka
|
0-0: Ball 1-0: DOUBLE (Line Drive, 9LM, EV 103.8 MPH)
|
|
Batting: LHB Josh Slusarczyk
|
0-0: Swinging Strike 0-1: Foul Ball, location: 2F 0-2: Strikes out swinging
|
| Top of the 3rd over - 0 runs, 1 hit, 0 errors, 1 left on base; Cincinnati (NYP) 0 - Milwaukee (NYP) 2 |
| BOTTOM OF THE 3RD |
|
Milwaukee (NYP) Brewers batting - Pitching for Cincinnati (NYP) Reds : RHP Mike Stabb
|
|
Batting: RHB Xiao-shuang Au
|
0-0: Called Strike 0-1: Ball 1-1: Ball 2-1: Swinging Strike 2-2: Strikes out looking
|
|
Batting: LHB Fumito Sakurai
|
0-0: Called Strike 0-1: Fly out, F4 (Line Drive, 4, EV 70.0 MPH)
|
|
Batting: LHB Greg Reedy
|
0-0: Ball 1-0: Ground out 4-3 (Groundball, 4, EV 85.0 MPH)
|
| Bottom of the 3rd over - 0 runs, 0 hits, 0 errors, 0 left on base; Cincinnati (NYP) 0 - Milwaukee (NYP) 2 |
| TOP OF THE 4TH |
|
Cincinnati (NYP) Reds batting - Pitching for Milwaukee (NYP) Brewers : RHP Jayden Whittick
|
|
Batting: RHB Gabe Gutierrez
|
0-0: Fly out, F8 (Line Drive, 8RD, EV 90.6 MPH)
|
|
Batting: LHB Brandon Sarni
|
0-0: Called Strike 0-1: Ball 1-1: Ball 2-1: Ball 3-1: Base on Balls
|
|
Batting: RHB Yutaka Sato
|
0-0: Ball Brandon Sarni steals 2nd base 1-0: Called Strike 1-1: Hit by Pitch
|
|
Pinch Runner at 1st Fernando Gomez:
|
|
|
Batting: LHB Mike Becerra
|
0-0: Foul Ball, location: 2F 0-1: Foul Ball, location: 2F 0-2: Foul Ball, location: 2F 0-2: Ball 1-2: Foul Ball, location: 2F 1-2: Ball 2-2: Strikes out swinging
|
|
Batting: RHB Alex de Leon
|
0-0: Foul Ball, location: 2F 0-1: Ball 1-1: Swinging Strike 1-2: Ball 2-2: Foul Ball, location: 2F 2-2: Fielders Choice at 2nd, 4-6 (Groundball, 6M, EV 106.9 MPH)
|
| Top of the 4th over - 0 runs, 0 hits, 0 errors, 2 left on base; Cincinnati (NYP) 0 - Milwaukee (NYP) 2 |
| BOTTOM OF THE 4TH |
|
Milwaukee (NYP) Brewers batting - Pitching for Cincinnati (NYP) Reds : RHP Mike Stabb
|
|
Now at SS: Fernando Gomez
|
|
|
Batting: RHB Tony Beaumond
|
0-0: Ground out 5-3 (Groundball, 56S, EV 76.2 MPH)
|
|
Batting: RHB Dan Allred
|
0-0: SOLO HOME RUN (Line Drive, 78XD, EV 101.2 MPH), Distance : 413 ft
|
|
Batting: RHB Lorenzo Diaz
|
0-0: Ball 1-0: Foul Ball, location: 2F 1-1: Ball 2-1: Ball 3-1: Base on Balls
|
|
Batting: RHB Juan Villanueva
|
0-0: Ball 1-0: Ball 2-0: Called Strike Lorenzo Diaz is caught stealing 2nd base 2-4 2-1: Foul Ball, location: 2F 2-2: Strikes out swinging
|
| Bottom of the 4th over - 1 run, 1 hit, 0 errors, 0 left on base; Cincinnati (NYP) 0 - Milwaukee (NYP) 3 |
| TOP OF THE 5TH |
|
Cincinnati (NYP) Reds batting - Pitching for Milwaukee (NYP) Brewers : RHP Jayden Whittick
|
|
Batting: SHB Cesar Pelayo
|
0-0: Foul Ball, location: 2F 0-1: Ball 1-1: Ball 2-1: Ball 3-1: Called Strike 3-2: Fly out, F6 (Popup, P, EV 83.8 MPH)
|
|
Pitching: RHP Corey Pierce
|
|
|
Batting: SHB David Garnica
|
0-0: Called Strike 0-1: Ball 1-1: Foul Ball, location: 2F 1-2: Foul Ball, location: 2F 1-2: Foul Ball, location: 2F 1-2: Foul Ball, location: 2F 1-2: Ball 2-2: Foul Ball, location: 2F 2-2: Ball 3-2: SINGLE (Line Drive, 7S, EV 106.2 MPH)
|
|
Batting: LHB Martin Koka
|
0-0: Ball David Garnica is caught stealing 2nd base 2-6 1-0: Called Strike 1-1: Foul Ball, location: 2F 1-2: DOUBLE (Line Drive, 5D, EV 99.4 MPH)
|
|
Batting: LHB Josh Slusarczyk
|
0-0: Swinging Strike 0-1: Called Strike 0-2: Foul Ball, location: 2F 0-2: Ball 1-2: Ball 2-2: Ball 3-2: Foul Ball, location: 2F 3-2: Foul Ball, location: 2F 3-2: Base on Balls
|
|
Batting: RHB Gabe Gutierrez
|
0-0: Called Strike 0-1: Ball 1-1: Foul Ball, location: 2F 1-2: Ball 2-2: Foul Ball, location: 2F 2-2: Fly out, F4 (Popup, 6M, EV 75.0 MPH)
|
| Top of the 5th over - 0 runs, 2 hits, 0 errors, 2 left on base; Cincinnati (NYP) 0 - Milwaukee (NYP) 3 |
| BOTTOM OF THE 5TH |
|
Milwaukee (NYP) Brewers batting - Pitching for Cincinnati (NYP) Reds : RHP Mike Stabb
|
|
Batting: RHB Mohammed bin Ubaida
|
0-0: Ball 1-0: SINGLE (Groundball, 6MD, EV 98.1 MPH)
|
|
Batting: RHB Jeremy Harden
|
0-0: SINGLE (Line Drive, 8RS, EV 105.6 MPH) Mohammed bin Ubaida to second
|
|
Batting: RHB Xiao-shuang Au
|
0-0: Ball 1-0: Ball 2-0: Called Strike 2-1: Ball 3-1: Base on Balls Mohammed bin Ubaida to third Jeremy Harden to second
|
|
Batting: LHB Fumito Sakurai
|
0-0: Swinging Strike 0-1: Fly out, F6 (Popup, 56, EV 66.9 MPH)
|
|
Batting: LHB Greg Reedy
|
0-0: Ball 1-0: SINGLE (Groundball, 4MD, EV 102.5 MPH) Mohammed bin Ubaida scores Jeremy Harden to third Xiao-shuang Au to second Runner from 3rd tries for Home, SAFE, throw by CF to home
|
|
Pitching: RHP Kevin Nabity
|
|
|
Batting: RHB Tony Beaumond
|
0-0: Ball 1-0: Foul Ball, location: 2F 1-1: Called Strike 1-2: Ball 2-2: Ball 3-2: Base on Balls Xiao-shuang Au to third Greg Reedy to second
|
|
Batting: RHB Dan Allred
|
0-0: SINGLE (Line Drive, 7S, EV 91.9 MPH) Xiao-shuang Au scores Greg Reedy to third Tony Beaumond to second Runner from 3rd tries for Home, SAFE, throw by LF to home
|
|
Batting: RHB Lorenzo Diaz
|
0-0: Fly out, F8 (Line Drive, 8RD, EV 97.5 MPH)
|
|
Batting: RHB Juan Villanueva
|
0-0: Called Strike 0-1: Foul Ball, location: 2F 0-2: Ball 1-2: Strikes out swinging
|
| Bottom of the 5th over - 4 runs, 4 hits, 0 errors, 2 left on base; Cincinnati (NYP) 0 - Milwaukee (NYP) 7 |
| TOP OF THE 6TH |
|
Cincinnati (NYP) Reds batting - Pitching for Milwaukee (NYP) Brewers : RHP Corey Pierce
|
|
Batting: LHB Brandon Sarni
|
0-0: Ball 1-0: Ball 2-0: Ball 3-0: Called Strike 3-1: Swinging Strike 3-2: Strikes out swinging
|
|
Batting: LHB Fernando Gomez
|
0-0: Called Strike 0-1: Ball 1-1: Ball 2-1: Foul Ball, location: 2F 2-2: Ball 3-2: Foul Ball, location: 2F 3-2: Strikes out swinging
|
|
Batting: LHB Mike Becerra
|
0-0: Called Strike 0-1: Foul Ball, location: 2F 0-2: Strikes out swinging
|
| Top of the 6th over - 0 runs, 0 hits, 0 errors, 0 left on base; Cincinnati (NYP) 0 - Milwaukee (NYP) 7 |
| BOTTOM OF THE 6TH |
|
Milwaukee (NYP) Brewers batting - Pitching for Cincinnati (NYP) Reds : RHP Kevin Nabity
|
|
Batting: RHB Mohammed bin Ubaida
|
0-0: Ball 1-0: Ball 2-0: Foul Ball, location: 2F 2-1: Called Strike 2-2: Ball 3-2: SINGLE (Groundball, 5S, EV 65.6 MPH) (infield hit)
|
|
Batting: RHB Jeremy Harden
|
0-0: Ball 1-0: Swinging Strike 1-1: Swinging Strike 1-2: Foul Ball, location: 2F 1-2: Foul Ball, location: 2F 1-2: Ball 2-2: Foul Ball, location: 2F 2-2: Foul Ball, location: 2F 2-2: Ball 3-2: Foul Ball, location: 2F 3-2: Base on Balls Mohammed bin Ubaida to second
|
|
Batting: RHB Xiao-shuang Au
|
0-0: Called Strike 0-1: Fielders Choice at 2nd, 3-6 (Groundball, 34, EV 78.1 MPH) Mohammed bin Ubaida to third
|
|
Batting: LHB Fumito Sakurai
|
0-0: Called Strike 0-1: Foul Ball, location: 2F 0-2: Fielders Choice at 2nd, 4-6 (Groundball, 4M, EV 78.8 MPH) Mohammed bin Ubaida scores
|
|
Batting: LHB Greg Reedy
|
0-0: Swinging Strike 0-1: Fly out, F8 (Flyball, 8LD, EV 98.1 MPH)
|
| Bottom of the 6th over - 1 run, 1 hit, 0 errors, 1 left on base; Cincinnati (NYP) 0 - Milwaukee (NYP) 8 |
| TOP OF THE 7TH |
|
Cincinnati (NYP) Reds batting - Pitching for Milwaukee (NYP) Brewers : RHP Corey Pierce
|
|
Batting: RHB Alex de Leon
|
0-0: Ball 1-0: Foul Ball, location: 2F 1-1: Swinging Strike 1-2: Strikes out looking
|
|
Batting: SHB Cesar Pelayo
|
0-0: Called Strike 0-1: Ball 1-1: Swinging Strike 1-2: Ball 2-2: Foul Ball, location: 2F 2-2: Strikes out looking
|
|
Pinch Hitting: RHB Adam Lambert
|
0-0: Called Strike 0-1: Foul Ball, location: 2F 0-2: Foul Ball, location: 2F 0-2: Ball 1-2: Fly out, F6 (Line Drive, 6MD, EV 61.2 MPH)
|
| Top of the 7th over - 0 runs, 0 hits, 0 errors, 0 left on base; Cincinnati (NYP) 0 - Milwaukee (NYP) 8 |
| BOTTOM OF THE 7TH |
|
Milwaukee (NYP) Brewers batting - Pitching for Cincinnati (NYP) Reds : RHP Kevin Nabity
|
|
Now in CF: Adam Lambert
|
|
|
Batting: RHB Tony Beaumond
|
0-0: Called Strike 0-1: Ball 1-1: Ball 2-1: SINGLE (Groundball, 34D, EV 108.8 MPH)
|
|
Pinch Hitting: SHB C.J. Olivares
|
0-0: Fly out, F7 (Line Drive, 7S, EV 87.5 MPH)
|
|
Batting: RHB Lorenzo Diaz
|
0-0: Foul Ball, location: 2F 0-1: Ball 1-1: SINGLE (Line Drive, 9S, EV 101.2 MPH) Tony Beaumond to second
|
|
Batting: RHB Juan Villanueva
|
0-0: SINGLE (Flyball, 8RS, EV 93.8 MPH) Tony Beaumond to third Lorenzo Diaz to second
|
|
Pinch Hitting: LHB Steven Donovan
|
0-0: Swinging Strike 0-1: Ball 1-1: Ball 2-1: Fielders Choice at 2nd, 4-6 (Groundball, 4, EV 80.6 MPH) Tony Beaumond scores Lorenzo Diaz to third
|
|
Batting: RHB Jeremy Harden
|
0-0: 3-RUN HOME RUN (Flyball, 7LD, EV 93.1 MPH), Distance : 359 ft
|
|
Pitching: RHP Gilbert Paparelli
|
|
|
Batting: RHB Xiao-shuang Au
|
0-0: Foul Ball, location: 2F 0-1: Called Strike 0-2: Ball 1-2: Strikes out looking
|
| Bottom of the 7th over - 4 runs, 4 hits, 0 errors, 0 left on base; Cincinnati (NYP) 0 - Milwaukee (NYP) 12 |
| TOP OF THE 8TH |
|
Cincinnati (NYP) Reds batting - Pitching for Milwaukee (NYP) Brewers : RHP Corey Pierce
|
|
Pitching: RHP Dustin Pryor
|
|
|
Now at 2B: C.J. Olivares
|
|
|
Now in LF: Steven Donovan
|
|
|
Now in CF: Jeremy Harden
|
|
|
Pinch Hitting: LHB Alex Ramos
|
0-0: Foul Ball, location: 2F 0-1: Ball 1-1: Ground out U3 (Groundball, 34S, EV 78.8 MPH)
|
|
Pinch Hitting: RHB Adrian Billups
|
0-0: Ball 1-0: Fly out, F7 (Flyball, 7S, EV 89.4 MPH)
|
|
Batting: RHB Gabe Gutierrez
|
0-0: Ball 1-0: Swinging Strike 1-1: Called Strike 1-2: Strikes out looking
|
| Top of the 8th over - 0 runs, 0 hits, 0 errors, 0 left on base; Cincinnati (NYP) 0 - Milwaukee (NYP) 12 |
| BOTTOM OF THE 8TH |
|
Milwaukee (NYP) Brewers batting - Pitching for Cincinnati (NYP) Reds : RHP Gilbert Paparelli
|
|
Now at 3B: Adrian Billups
|
|
|
Now in LF: Alex Ramos
|
|
|
Pinch Hitting: LHB Dusty Bryant
|
0-0: Called Strike 0-1: Ball 1-1: Ball 2-1: Ball 3-1: Base on Balls
|
|
Batting: LHB Greg Reedy
|
0-0: Ball 1-0: Fly out, F7 (Flyball, 7D, EV 104.4 MPH)
|
|
Batting: RHB Tony Beaumond
|
0-0: Foul Ball, location: 2F 0-1: Called Strike 0-2: Foul Ball, location: 2F 0-2: Foul Ball, location: 2F 0-2: Foul Ball, location: 2F 0-2: Ball 1-2: SINGLE (Line Drive, 89S, EV 95.6 MPH) Dusty Bryant to second
|
|
Batting: SHB C.J. Olivares
|
0-0: Called Strike 0-1: Ball 1-1: Ball 2-1: Grounds into double play, 6-4-3 (Groundball, 6, EV 108.1 MPH)
|
| Bottom of the 8th over - 0 runs, 1 hit, 0 errors, 1 left on base; Cincinnati (NYP) 0 - Milwaukee (NYP) 12 |
| TOP OF THE 9TH |
|
Cincinnati (NYP) Reds batting - Pitching for Milwaukee (NYP) Brewers : RHP Dustin Pryor
|
|
Now in RF: Dusty Bryant
|
|
|
Pinch Hitting: RHB Derek Moran
|
0-0: Called Strike 0-1: Ball 1-1: Ball 2-1: Ball 3-1: Ground out 6-3 (Groundball, 4M, EV 104.4 MPH)
|
|
Pinch Hitting: RHB Ji-an See-to
|
0-0: Swinging Strike 0-1: Called Strike 0-2: Ball 1-2: Ball 2-2: Strikes out looking
|
|
Pinch Hitting: RHB Andy Bachman
|
0-0: Ball 1-0: Called Strike 1-1: Fly out, F9 (Flyball, 9D, EV 92.5 MPH)
|
| Top of the 9th over - 0 runs, 0 hits, 0 errors, 0 left on base; Cincinnati (NYP) 0 - Milwaukee (NYP) 12 |
|